TOP OF THE 1ST |
Kingsport Mets batting - Pitching for Helena Brewers : RHP Jeff Swomley
|
Pitching: RHP Jeff Swomley
|
|
Batting: RHB Michael Youngberry
|
0-0: Swinging Strike 0-1: Swinging Strike 0-2: Ball 1-2: Ball 2-2: Fly out, F7 (Flyball, 7LS, EV 90.6 MPH)
|
Batting: SHB Nick Daigle
|
0-0: Ball 1-0: Called Strike 1-1: Called Strike 1-2: Strikes out swinging
|
Batting: RHB Mike Hanks
|
0-0: SINGLE (Groundball, 4D, EV 104.4 MPH)
|
Batting: RHB Jake Geib
|
0-0: Fielders Choice at 2nd, 6-4 (Groundball, 6, EV 83.1 MPH)
|
Top of the 1st over - 0 runs, 1 hit, 0 errors, 1 left on base; Kingsport 0 - Helena 0 |
BOTTOM OF THE 1ST |
Helena Brewers batting - Pitching for Kingsport Mets : RHP Frank Emery
|
Pitching: RHP Frank Emery
|
|
Batting: RHB Wiliama Dana
|
0-0: Ball 1-0: Called Strike 1-1: Foul Ball, location: 2F 1-2: Ball 2-2: Fly out, F8 (Line Drive, 8RM, EV 90.6 MPH)
|
Batting: RHB Steve Errico
|
0-0: Ball 1-0: Called Strike 1-1: Ball 2-1: Foul Ball, location: 2F 2-2: Foul Ball, location: 2F 2-2: Fly out, F8 (Flyball, 8LS, EV 86.2 MPH)
|
Batting: RHB Jeremy Harden
|
0-0: Swinging Strike 0-1: Ball 1-1: Ground out 5-3 (Groundball, 56, EV 110.6 MPH)
|
Bottom of the 1st over - 0 runs, 0 hits, 0 errors, 0 left on base; Kingsport 0 - Helena 0 |
TOP OF THE 2ND |
Kingsport Mets batting - Pitching for Helena Brewers : RHP Jeff Swomley
|
Batting: RHB Larry Shoop
|
0-0: Called Strike 0-1: Swinging Strike 0-2: Strikes out swinging
|
Batting: SHB Jerry Burrows
|
0-0: Foul Ball, location: 2F 0-1: Fly out, F8 (Line Drive, 89M, EV 84.4 MPH)
|
Batting: SHB Keith Casner
|
0-0: Swinging Strike 0-1: Ball 1-1: Ball 2-1: Ball 3-1: Foul Ball, location: 2F 3-2: Strikes out swinging
|
Top of the 2nd over - 0 runs, 0 hits, 0 errors, 0 left on base; Kingsport 0 - Helena 0 |
BOTTOM OF THE 2ND |
Helena Brewers batting - Pitching for Kingsport Mets : RHP Frank Emery
|
Batting: LHB Dusty Bryant
|
0-0: Called Strike 0-1: Foul Ball, location: 2F 0-2: Ball 1-2: DOUBLE (Line Drive, 9LM, EV 104.4 MPH)
|
Batting: RHB Chris Fruit
|
0-0: Ball 1-0: Ball 2-0: Called Strike 2-1: Called Strike 2-2: Ball 3-2: Base on Balls
|
Batting: RHB Tony Beaumond
|
0-0: Swinging Strike 0-1: Ball 1-1: Ball 2-1: SINGLE (Groundball, 56D, EV 109.4 MPH) Dusty Bryant to third Chris Fruit to second Runner from 3rd tries for Home, SAFE, throw by LF to home
|
Batting: LHB Jose Simental
|
0-0: Ball 1-0: Ball Wild Pitch! Chris Fruit to third Tony Beaumond to second 2-0: Foul Ball, location: 2F 2-1: Foul Ball, location: 2F 2-2: SINGLE (Line Drive, 78M, EV 110.6 MPH) Chris Fruit scores Tony Beaumond to third
|
Batting: RHB Mohammed bin Ubaida
|
0-0: Ball Jose Simental is caught stealing 2nd base 2-4 1-0: Ball 2-0: Foul Ball, location: 2F 2-1: Ball 3-1: Ground out 1-3 (Groundball, 13, EV 68.1 MPH)
|
Batting: RHB Jesus Menjivar
|
0-0: Foul Ball, location: 2F 0-1: Ball 1-1: Foul Ball, location: 2F 1-2: Ground out 5-3 (Groundball, 5, EV 86.9 MPH)
|
Bottom of the 2nd over - 2 runs, 3 hits, 0 errors, 1 left on base; Kingsport 0 - Helena 2 |
TOP OF THE 3RD |
Kingsport Mets batting - Pitching for Helena Brewers : RHP Jeff Swomley
|
Batting: RHB Enrique Aguirre
|
0-0: Called Strike 0-1: Foul Ball, location: 2F 0-2: Ball 1-2: Strikes out swinging
|
Batting: LHB Matt Baker
|
0-0: Ball 1-0: Called Strike 1-1: Ground out U3 (Groundball, 34D, EV 85.6 MPH)
|
Batting: RHB Michael Youngberry
|
0-0: Called Strike 0-1: Called Strike 0-2: Strikes out looking
|
Top of the 3rd over - 0 runs, 0 hits, 0 errors, 0 left on base; Kingsport 0 - Helena 2 |
BOTTOM OF THE 3RD |
Helena Brewers batting - Pitching for Kingsport Mets : RHP Frank Emery
|
Batting: RHB Wiliama Dana
|
0-0: Foul Ball, location: 2F 0-1: SOLO HOME RUN (Flyball, 89XD, EV 101.9 MPH), Distance : 406 ft
|
Batting: RHB Steve Errico
|
0-0: Ground out 5-3 (Groundball, 5L, EV 85.0 MPH)
|
Batting: RHB Jeremy Harden
|
0-0: Swinging Strike 0-1: SINGLE (Groundball, 56, EV 99.4 MPH)
|
Batting: LHB Dusty Bryant
|
0-0: Foul Ball, location: 2F 0-1: Ball 1-1: Ball 2-1: Ball 3-1: Called Strike 3-2: 2-RUN HOME RUN (Flyball, 9D, EV 100.0 MPH), Distance : 378 ft
|
Batting: RHB Chris Fruit
|
0-0: Ball 1-0: Ball 2-0: Called Strike 2-1: Ball 3-1: Fly out, F8 (Flyball, 78XD, EV 105.0 MPH)
|
Batting: RHB Tony Beaumond
|
0-0: Ball 1-0: Ball 2-0: Ground out 3-1 (Groundball, 34, EV 107.5 MPH)
|
Bottom of the 3rd over - 3 runs, 3 hits, 0 errors, 0 left on base; Kingsport 0 - Helena 5 |
TOP OF THE 4TH |
Kingsport Mets batting - Pitching for Helena Brewers : RHP Jeff Swomley
|
Batting: SHB Nick Daigle
|
0-0: Called Strike 0-1: Foul Ball, location: 2F 0-2: Reached via error on a dropped throw from 2B, E3 (Groundball, 4, EV 81.9 MPH)
|
Batting: RHB Mike Hanks
|
0-0: Called Strike 0-1: Ball 1-1: Ball 2-1: Ball 3-1: Base on Balls Nick Daigle to second
|
Batting: RHB Jake Geib
|
0-0: Swinging Strike 0-1: Called Strike 0-2: SINGLE (Groundball, 25, EV 72.5 MPH) (infield hit) Nick Daigle to third Mike Hanks to second
|
Batting: RHB Larry Shoop
|
0-0: Foul Ball, location: 2F 0-1: Ball 1-1: Called Strike 1-2: Strikes out swinging
|
Batting: SHB Jerry Burrows
|
0-0: Called Strike 0-1: Ball 1-1: Ball 2-1: Swinging Strike 2-2: Strikes out looking
|
Batting: SHB Keith Casner
|
0-0: Ball 1-0: Swinging Strike 1-1: Called Strike 1-2: Ball 2-2: Strikes out swinging
|
Top of the 4th over - 0 runs, 1 hit, 1 error, 3 left on base; Kingsport 0 - Helena 5 |
BOTTOM OF THE 4TH |
Helena Brewers batting - Pitching for Kingsport Mets : RHP Frank Emery
|
Batting: LHB Jose Simental
|
0-0: Called Strike 0-1: Ball 1-1: Ball 2-1: Ground out 2-3 (Groundball, 15S, EV 71.2 MPH)
|
Batting: RHB Mohammed bin Ubaida
|
0-0: Swinging Strike 0-1: Swinging Strike 0-2: Foul Ball, location: 2F 0-2: Foul Ball, location: 2F 0-2: Strikes out looking
|
Batting: RHB Jesus Menjivar
|
0-0: Foul Ball, location: 2F 0-1: Swinging Strike 0-2: DOUBLE (Line Drive, 89M, EV 103.1 MPH)
|
Pitching: RHP Gabe Kelso
|
|
Batting: RHB Wiliama Dana
|
0-0: Ball 1-0: Ball 2-0: Called Strike 2-1: Swinging Strike 2-2: Ball 3-2: Strikes out swinging
|
Bottom of the 4th over - 0 runs, 1 hit, 0 errors, 1 left on base; Kingsport 0 - Helena 5 |
TOP OF THE 5TH |
Kingsport Mets batting - Pitching for Helena Brewers : RHP Jeff Swomley
|
Batting: RHB Enrique Aguirre
|
0-0: Ball 1-0: Called Strike 1-1: Ball 2-1: Swinging Strike 2-2: Strikes out swinging
|
Batting: LHB Matt Baker
|
0-0: Ball 1-0: Ball 2-0: Called Strike 2-1: Swinging Strike 2-2: Foul Ball, location: 2F 2-2: Strikes out looking
|
Batting: RHB Michael Youngberry
|
0-0: Called Strike 0-1: Foul Ball, location: 2F 0-2: Ball 1-2: Ball 2-2: Strikes out swinging
|
Top of the 5th over - 0 runs, 0 hits, 0 errors, 0 left on base; Kingsport 0 - Helena 5 |
BOTTOM OF THE 5TH |
Helena Brewers batting - Pitching for Kingsport Mets : RHP Gabe Kelso
|
Batting: RHB Steve Errico
|
0-0: Called Strike 0-1: Ball 1-1: Swinging Strike 1-2: Foul Ball, location: 2F 1-2: Ball 2-2: SINGLE (Groundball, 6MD, EV 101.2 MPH)
|
Batting: RHB Jeremy Harden
|
0-0: Swinging Strike 0-1: Ball 1-1: Swinging Strike 1-2: Ball 2-2: Fly out, F7 (Line Drive, 7S, EV 90.0 MPH)
|
Batting: LHB Dusty Bryant
|
0-0: Foul Ball, location: 2F 0-1: Fly out, F8 (Flyball, 8LD, EV 88.1 MPH)
|
Batting: RHB Chris Fruit
|
0-0: Called Strike 0-1: Ball 1-1: Foul Ball, location: 2F 1-2: Ball 2-2: Strikes out swinging
|
Bottom of the 5th over - 0 runs, 1 hit, 0 errors, 1 left on base; Kingsport 0 - Helena 5 |
TOP OF THE 6TH |
Kingsport Mets batting - Pitching for Helena Brewers : RHP Jeff Swomley
|
Batting: SHB Nick Daigle
|
0-0: Called Strike 0-1: Ball 1-1: Called Strike 1-2: Ball 2-2: Ball 3-2: Ground out 3-1 (Groundball, 34S, EV 64.4 MPH)
|
Batting: RHB Mike Hanks
|
0-0: Ball 1-0: Foul Ball, location: 2F 1-1: Ball 2-1: Called Strike 2-2: Ball 3-2: Foul Ball, location: 2F 3-2: Strikes out looking
|
Batting: RHB Jake Geib
|
0-0: Ball 1-0: Ball 2-0: Ball 3-0: Base on Balls
|
Pitching: RHP Eddie Becerra
|
|
Batting: RHB Larry Shoop
|
0-0: Foul Ball, location: 2F 0-1: Swinging Strike 0-2: Ground out 4-3 (Groundball, 34, EV 83.1 MPH)
|
Top of the 6th over - 0 runs, 0 hits, 0 errors, 1 left on base; Kingsport 0 - Helena 5 |
BOTTOM OF THE 6TH |
Helena Brewers batting - Pitching for Kingsport Mets : RHP Gabe Kelso
|
Batting: RHB Tony Beaumond
|
0-0: Ball 1-0: Fly out, F8 (Line Drive, 8RD, EV 88.8 MPH)
|
Batting: LHB Jose Simental
|
0-0: Called Strike 0-1: Ball 1-1: Ball 2-1: Ground out 1-3 (Groundball, P, EV 71.2 MPH)
|
Batting: RHB Mohammed bin Ubaida
|
0-0: Fly out, F8 (Flyball, 8LD, EV 96.9 MPH)
|
Bottom of the 6th over - 0 runs, 0 hits, 0 errors, 0 left on base; Kingsport 0 - Helena 5 |
TOP OF THE 7TH |
Kingsport Mets batting - Pitching for Helena Brewers : RHP Eddie Becerra
|
Batting: SHB Jerry Burrows
|
0-0: Called Strike 0-1: Foul Ball, location: 2F 0-2: Foul Ball, location: 2F 0-2: Ground out 4-3 (Groundball, 4, EV 88.8 MPH)
|
Batting: SHB Keith Casner
|
0-0: Ball 1-0: Swinging Strike 1-1: Ball 2-1: Swinging Strike 2-2: Foul Ball, location: 2F 2-2: Ground out 4-3 (Groundball, 4, EV 102.5 MPH)
|
Batting: RHB Enrique Aguirre
|
0-0: Swinging Strike 0-1: Ball 1-1: Ball 2-1: Foul Ball, location: 2F 2-2: Strikes out swinging
|
Top of the 7th over - 0 runs, 0 hits, 0 errors, 0 left on base; Kingsport 0 - Helena 5 |
BOTTOM OF THE 7TH |
Helena Brewers batting - Pitching for Kingsport Mets : RHP Gabe Kelso
|
Batting: RHB Jesus Menjivar
|
0-0: Called Strike 0-1: Swinging Strike 0-2: Strikes out swinging
|
Batting: RHB Wiliama Dana
|
0-0: Foul Ball, location: 2F 0-1: Called Strike 0-2: Strikes out swinging
|
Batting: RHB Steve Errico
|
0-0: Called Strike 0-1: Foul Ball, location: 2F 0-2: Ball 1-2: Fly out, F9 (Flyball, 9LS, EV 97.5 MPH)
|
Bottom of the 7th over - 0 runs, 0 hits, 0 errors, 0 left on base; Kingsport 0 - Helena 5 |
TOP OF THE 8TH |
Kingsport Mets batting - Pitching for Helena Brewers : RHP Eddie Becerra
|
Batting: LHB Matt Baker
|
0-0: Ground out 6-3 (Groundball, 6, EV 82.5 MPH)
|
Pinch Hitting: LHB Dan Bremseth
|
0-0: Foul Ball, location: 2F 0-1: Ball 1-1: Called Strike 1-2: Strikes out swinging
|
Batting: SHB Nick Daigle
|
0-0: Ball 1-0: Ball 2-0: Ball 3-0: Base on Balls
|
Batting: RHB Mike Hanks
|
0-0: Swinging Strike 0-1: Ball 1-1: Foul Ball, location: 2F 1-2: Foul Ball, location: 2F 1-2: Strikes out looking
|
Top of the 8th over - 0 runs, 0 hits, 0 errors, 1 left on base; Kingsport 0 - Helena 5 |
BOTTOM OF THE 8TH |
Helena Brewers batting - Pitching for Kingsport Mets : RHP Gabe Kelso
|
Now in LF: Dan Bremseth
|
|
Now in CF: Matt Baker
|
|
Batting: RHB Jeremy Harden
|
0-0: Called Strike 0-1: Foul Ball, location: 2F 0-2: Foul Ball, location: 2F 0-2: DOUBLE (Line Drive, 78D, EV 100.6 MPH)
|
Batting: LHB Dusty Bryant
|
0-0: Called Strike 0-1: Ball 1-1: Called Strike 1-2: Ball 2-2: Strikes out swinging
|
Pitching: RHP Adrian Colorado
|
|
Batting: RHB Chris Fruit
|
0-0: Called Strike Jeremy Harden is caught stealing 3rd base 2-5 0-1: Ball 1-1: Swinging Strike 1-2: Ball 2-2: Fly out, F6 (Popup, 6, EV 65.0 MPH)
|
Bottom of the 8th over - 0 runs, 1 hit, 0 errors, 0 left on base; Kingsport 0 - Helena 5 |
TOP OF THE 9TH |
Kingsport Mets batting - Pitching for Helena Brewers : RHP Eddie Becerra
|
Batting: RHB Jake Geib
|
0-0: Ball 1-0: Swinging Strike 1-1: Foul Ball, location: 2F 1-2: Strikes out swinging
|
Batting: RHB Larry Shoop
|
0-0: Ball 1-0: Ball 2-0: Foul Ball, location: 2F 2-1: DOUBLE (Line Drive, 78M, EV 109.4 MPH)
|
Batting: SHB Jerry Burrows
|
0-0: Ground out 4-3 (Groundball, 4, EV 91.2 MPH) Larry Shoop to third
|
Batting: SHB Keith Casner
|
0-0: Called Strike 0-1: Swinging Strike 0-2: Ball 1-2: Ball 2-2: Ball 3-2: Strikes out swinging
|
Top of the 9th over - 0 runs, 1 hit, 0 errors, 1 left on base; Kingsport 0 - Helena 5 |
|